 Dungeon Crawl Stone Soup version 0.22-a0-782-g038298e (webtiles) character file.

428 Mgcat the Ruffian (level 6, -2/52 HPs)
             Began as a Ghoul Berserker on July 20, 2018.
             Was a Believer of Trog.
             Slain by a hornet (7 damage)
             ... on level 3 of the Dungeon.
             The game lasted 00:10:21 (3151 turns).

Mgcat the Ruffian (Ghoul Berserker)                 Turns: 3151, Time: 00:10:21

Health: -2/52      AC: 12    Str: 22    XL:     6   Next: 98%
Magic:  5/5        EV: 12    Int:  8    God:    Trog [**....]
Gold:   186        SH:  0    Dex:  8    Spells: 5/5 levels left

rFire    . . .     SeeInvis .     - Unarmed
rCold    + . .     Gourm    .   (no shield)
rNeg     + + +     Faith    .   d - +0 ring mail
rPois    ∞         Spirit   .   q - +0 helmet
rElec    .         Reflect  .   h - +2 cloak
rCorr    .         Harm     .   (no gloves)
MR       .....                  g - +1 pair of boots
Stlth    +.........             (no amulet)
HPRegen  0.00/turn              f - +5 ring of intelligence
MPRegen  0.09/turn              l - ring of stealth {Stlth+}

@: rotting
A: rotting body, claws 1, carnivore, cold resistance 1, negative energy
resistance 3, inhibited regeneration, torment resistance, unbreathing
a: Trog's Hand, Renounce Religion


You were on level 3 of the Dungeon.
You worshipped Trog.
Trog was pleased with you.
You were not hungry.

You visited 1 branch of the dungeon, and saw 3 of its levels.

You collected 186 gold pieces.

Inventory:

Armour
 d - a +0 ring mail (worn)
   (You found it on level 1 of the Dungeon)
 g - a +1 pair of boots (worn)
   (You found it on level 1 of the Dungeon)
 h - a +2 cloak (worn)
   (You found it on level 3 of the Dungeon)
 q - a +0 helmet (worn)
   (You took it off Robin on level 2 of the Dungeon)
Jewellery
 f - a +5 ring of intelligence (left claw)
   (You found it on level 1 of the Dungeon)
 l - a ring of stealth (right claw) {Stlth+}
   (You found it on level 1 of the Dungeon)
Wands
 j - a wand of enslavement (2)
   (You found it on level 2 of the Dungeon)
Scrolls
 c - a scroll of identify
 e - 2 scrolls of immolation {!r}
Potions
 i - 2 potions of cancellation
Comestibles
 a - 6 chunks of flesh {@w0}
 b - 5 rations


   Skills:
 + Level 4.2 Fighting
 * Level 3.8 Armour
 * Level 3.6 Dodging
 * Level 5.3 Unarmed Combat


You had 5 spell levels left.
You didn't know any spells.
Your spell library was empty.

Dungeon Overview and Level Annotations

Branches:
Dungeon (3/15)

Altars:
Ashenzari
Gozag

Shops:
D:2 *


Innate Abilities, Weirdness & Mutations

Your body is rotting away.
You thrive on raw meat.
You are immune to poison.
You have sharp fingernails.
You are carnivorous and can eat meat at any time.
Your flesh is cold resistant. (rC+)
You are immune to negative energy. (rN+++)
You do not regenerate when monsters are visible.
You are immune to unholy pain and torment.
You can survive without breathing.


Message History

You barely miss the adder.
You kill the adder!
Trog accepts your kill.
The giant cockroach bites you but does no damage.
You scratch the giant cockroach but do no damage.
The giant cockroach bites you but does no damage.
You scratch the giant cockroach.
You kill the giant cockroach!
Trog accepts your kill.
The crimson imp blinks!
You see here a giant cockroach corpse.
You barely miss the crimson imp.
The crimson imp hits you but does no damage.
You claw the crimson imp!
The crimson imp is almost dead.
The crimson imp closely misses you.
You scratch the crimson imp.
You kill the crimson imp!
Trog accepts your kill.
No target in view!
No target in view!
You butcher the giant cockroach corpse.
a - 5 chunks of flesh {@w0} (gained 1)
You butcher the adder corpse.
a - 6 chunks of flesh {@w0} (gained 1)
You see here a hunting sling.
Key pressed, stopping explore.
h - a glowing cloak You now have 186 gold pieces (gained 7).
Key pressed, stopping explore.
Wear which item? (? for menu, Esc to quit)
You start putting on your armour.
You continue putting on your glowing cloak. x4
You finish putting on your +2 cloak.
Wear which item? (? for menu, Esc to quit)
You start putting on your armour.
You continue putting on your helmet. x4
You finish putting on your +0 helmet.
The hornet buzzes angrily.
The hornet is too close now for your liking.
Evoke which item? (* to show all) (? for menu, Esc to quit)
Okay, then.
Quiver which item? (- for none, * to show all) (? for menu, Esc to quit)
Okay, then.
Okay, then.
Okay, then.
Unknown command.
Unknown command.
Unknown command.
You swing at nothing.
You scratch the hornet.
The hornet is lightly wounded.
The hornet barely misses you. The hornet misses you.
You barely miss the hornet.
The hornet is lightly wounded.
The hornet stings you!
You scratch the hornet.
The hornet is moderately wounded.
The hornet barely misses you.
You barely miss the hornet.
The hornet is moderately wounded.
The hornet stings you! The hornet barely misses you.
You scratch the hornet.
The hornet is moderately wounded.
The hornet completely misses you.
You claw the hornet!
The hornet is severely wounded.
The hornet stings you.
You closely miss the hornet.
The hornet is severely wounded.
The hornet closely misses you. x2
You miss the hornet.
The hornet is severely wounded.
The hornet stings you!
You scratch the hornet.
The hornet is severely wounded.
The hornet barely misses you.
You barely miss the hornet.
The hornet is severely wounded.
The hornet barely misses you.
The hornet stings you but does no damage.
You miss the hornet.
The hornet is severely wounded.
The hornet stings you.
* * * LOW HITPOINT WARNING * * *
You closely miss the hornet.
The hornet is severely wounded.
The hornet barely misses you.
You scratch the hornet.
The hornet is almost dead.
The hornet stings you!
* * * LOW HITPOINT WARNING * * *
The hornet barely misses you.
You closely miss the hornet.
The hornet is almost dead.
The hornet barely misses you.
Your ring mail prevents you from hitting the hornet.
Your claw misses the hornet.
The hornet is almost dead.
The hornet stings you!
You die...

*,,...,* #....# #.....).#
#.## *,,..,,* ##.#.#
#.###.### #..# *,,,,,,*
##...###...>.## ##.#
********
#......#......#####..
#............+...###.
#######.............##.#...
#..<......................#
#.........y...............#
#.........@..#............#
#........##..#.....#.#.....
############.#.'####..##.#.
#.............#.
##..#.......####
#..#.......#...
#..#.....#.##.#
#........#.##.#
#...).##.#.....


You could see a hornet.

Vanquished Creatures
  Sigmund (D:3)
  A scorpion (D:3)
  A crimson imp (D:3)
  Jessica (D:2)
  Terence (D:2)
  Robin (D:2)
  3 adders
  An ooze (D:1)
  2 worms
  2 dart slugs
  A leopard gecko (D:3)
  2 orcs (D:3)
  6 giant cockroaches
  13 goblins
  13 hobgoblins
  9 kobolds
  2 quokkas (D:2)
  2 ball pythons
  7 bats
  3 frilled lizards
  10 rats
82 creatures vanquished.

Vanquished Creatures (collateral kills)
  A worm (D:3)
  A giant cockroach (D:3)
  A kobold (D:3)
3 creatures vanquished.

Grand Total: 85 creatures vanquished

Notes
Turn   | Place    | Note
-------+----------+-------------------------------------------
     0 | D:1      | Mgcat the Ghoul Berserker began the quest for the Orb.
     0 | D:1      | Reached XP level 1. HP: 19/19 MP: 0/0
   127 | D:1      | Reached skill level 2 in Armour
   134 | D:1      | Reached skill level 2 in Dodging
   134 | D:1      | Reached XP level 2. HP: 15/26 MP: 1/1
   311 | D:1      | Reached XP level 3. HP: 14/31 MP: 2/2
   553 | D:1      | Found a shattered altar of Ashenzari.
  1001 | D:2      | Noticed Terence
  1046 | D:2      | Killed Terence
  1046 | D:2      | Reached ** piety under Trog
  1046 | D:2      | Reached skill level 4 in Unarmed Combat
  1046 | D:2      | Reached XP level 4. HP: 26/37 MP: 3/3
  1087 | D:2      | Found a faded altar of an unknown god.
  1088 | D:2      | Noticed Jessica
  1187 | D:2      | Killed Jessica
  1333 | D:2      | Noticed Robin
  1483 | D:1      | Reached XP level 5. HP: 23/46 MP: 4/4
  1796 | D:2      | Killed Robin
  1804 | D:2      | Reached skill level 3 in Armour
  1979 | D:2      | Found an opulent altar of Gozag.
  1981 | D:2      | Found Gozag's Platinum Reserve.
  2044 | D:3      | Noticed Sigmund
  2050 | D:3      | Noticed a hornet
  2080 | D:3      | Killed Sigmund
  2080 | D:3      | Reached skill level 4 in Fighting
  2080 | D:3      | Reached skill level 3 in Dodging
  2080 | D:3      | Reached skill level 5 in Unarmed Combat
  2080 | D:3      | Reached XP level 6. HP: 24/52 MP: 5/5
  2082 | D:3      | HP: 11/52 [hornet (7)]
  2083 | D:3      | HP: 1/52 [hornet (10)]
  3149 | D:3      | HP: 5/52 [hornet (9)]
  3151 | D:3      | Slain by a hornet

Vault maps used:
D:1:      minmay_arrival_four_houses, st_stairs_3, serial_bayou_pond_b,
          ashenzari_altar_1
D:2:      nicolae_gozag_zags_fifth_avenue, chequers_ecumenical_altar_simple,
          uniq_robin, uniq_terence, uniq_jessica
D:3:      minmay_cupped, uniq_sigmund

Skill      XL: |  1  2  3  4  5 |
---------------+----------------+-----
Armour         | 2 3 |  3.8
Dodging        | 2 3 |  3.6
Unarmed Combat | 4 5 |  5.3
Fighting       | 4 |  4.2

Action                   |  1- 3 |  4- 6 || total
-------------------------+-------+-------++-------
Melee: Unarmed           |   140 |   189 ||   329
       Punch             |     1 |     4 ||     5
Invok: Trog's Hand       |       |     2 ||     2
Evoke: Wand              |       |     3 ||     3
  Use: Scroll            |     4 |     5 ||     9
       Potion            |       |     2 ||     2
  Eat: Chunk             |     5 |     5 ||    10
Armor: Ring mail         |    50 |    64 ||   114
Dodge: Dodged            |    70 |   123 ||   193

Table legend:
 A = Spawn XP
 B = Non-spawn XP
 C = Spawn XP percentage of total XP
 D = Spawn monster count
 E = Non-spawn monster count
 F = Spawn count percentage of total count
 G = Total turns spent on level
                    A         B        C        D         E        F      G
               +---------+---------+-------+---------+---------+-------+---------
         Total |       0 |     612 |   0.0 |       0 |      85 |   0.0 |  3151
               +---------+---------+-------+---------+---------+-------+---------
           D:1 |       0 |      69 |   0.0 |       0 |      37 |   0.0 |  1434
           D:2 |       0 |     154 |   0.0 |       0 |      25 |   0.0 |  1090
           D:3 |       0 |     389 |   0.0 |       0 |      23 |   0.0 |   627
               +---------+---------+-------+---------+---------+-------+---------

Vault maps used:
D:1:      minmay_arrival_four_houses, st_stairs_3, serial_bayou_pond_b,
          ashenzari_altar_1
D:2:      nicolae_gozag_zags_fifth_avenue, chequers_ecumenical_altar_simple,
          uniq_robin, uniq_terence, uniq_jessica
D:3:      minmay_cupped, uniq_sigmund

Table legend:
 A = Turns spent in this place as a percentage of turns spent in the entire game.
 B = Non-inter-level travel turns spent in this place as a percentage of non-inter-level travel turns spent in the entire game.
 C = Inter-level travel turns spent in this place as a percentage of turns spent in this place.
 D = Turns resting spent in this place as a percentage of non-inter-level travel turns spent in this place.
 E = Turns spent auto-exploring this place as a percentage of non-inter-level travel turns spent in this place.
 F = Non-inter-level travel turns spent in this place divided by the number of levels of this place that you've seen.
                   A       B       C       D       E      F
               +-------+-------+-------+-------+-------+----------------------
         Total | 100.0 | 100.0 |   5.6 |  23.0 |  50.6 | 992.0
       Dungeon | 100.0 | 100.0 |   5.6 |  23.0 |  50.6 | 992.0
               +-------+-------+-------+-------+-------+----------------------

Table legend:
 A = Kills in this place as a percentage of kills in entire the game.
 B = Kills by you in this place as a percentage of kills by you in the entire game.
 C = Kills by friends in this place as a percentage of kills by friends in the entire game.
 D = Other kills in this place as a percentage of other kills in the entire game.
 E = Experience gained in this place as a percentage of experience gained in the entire game.
 F = Experience gained in this place divided by the number of levels of this place that you have seen.
                   A       B       C       D       E      F
               +-------+-------+-------+-------+-------+----------------------
         Total | 100.0 | 100.0 | 100.0 |   N/A | 100.0 | 204.0
       Dungeon | 100.0 | 100.0 | 100.0 |   N/A | 100.0 | 204.0
               +-------+-------+-------+-------+-------+----------------------
